 Dungeon Crawl Stone Soup version 0.22.1-2-g9c5b331383 (webtiles) character file.

73 McIrco the Sneak (level 4, -4/33 HPs)
             Began as a Vampire Assassin on Jan 6, 2019.
             Slain by an ogre
             ... wielding a +0 giant spiked club
              (12 damage)
             ... on level 2 of the Dungeon.
             The game lasted 00:02:16 (4106 turns).

McIrco the Sneak (Vampire Assassin)                 Turns: 4106, Time: 00:02:16

Health: -4/33      AC:  3    Str: 10    XL:     4   Next: 8%
Magic:  4/4        EV: 12    Int: 13    God:
Gold:   49         SH:  0    Dex: 16    Spells: 3/3 levels left

rFire    . . .     SeeInvis +   a - +2 dagger
rCold    + . .     Gourm    .   (no shield)
rNeg     + + .     Faith    .   c - +0 robe
rPois    +         Spirit   .   (no helmet)
rElec    .         Reflect  .   d - +0 cloak
rCorr    .         Harm     .   (no gloves)
MR       +....                  (no boots)
Stlth    +++++.....             (no amulet)
HPRegen  0.05/turn              m - ring of protection from magic
MPRegen  0.09/turn              (no ring)

@: regenerating slowly
A: fangs 3, see invisible, unbreathing
a: Bat Form


You were on level 2 of the Dungeon.
You were near bloodless.

You visited 1 branch of the dungeon, and saw 2 of its levels.

You collected 49 gold pieces.

Inventory:

Hand Weapons
 a - a +2 dagger (weapon)
 b - a +0 blowgun
Missiles
 e - 8 poisoned needles
 f - 2 curare-tipped needles
Armour
 c - a +0 robe (worn)
 d - a +0 cloak (worn)
Jewellery
 m - a ring of protection from magic (left hand)
Scrolls
 h - 2 scrolls of remove curse {unknown}
 i - a scroll of teleportation {unknown}
 k - a scroll of enchant weapon {unknown}
 l - 2 scrolls of magic mapping {unknown}
Potions
 g - 8 potions of blood
 j - a potion of curing {unknown}


   Skills:
 + Level 2.0 Fighting
 + Level 2.7 Short Blades
 + Level 1.7 Throwing
 * Level 1.9 Dodging
 + Level 7.4 Stealth


You had 3 spell levels left.
You didn't know any spells.
Your spell library was empty.

Dungeon Overview and Level Annotations

Branches:
Dungeon (2/15)

Altars:
The Shining One

Annotations:
D:2 Terence


Innate Abilities, Weirdness & Mutations

You heal slowly.
You have razor-sharp teeth.
You have supernaturally acute eyesight. (SInv)
You can survive without breathing.


Message History

The ogre is lightly wounded.
You hit the ogre.
The ogre is moderately wounded.
The ogre misses you.
You hit the ogre.
The ogre is moderately wounded.
The ogre misses you.
You hit the ogre but do no damage. You bite the ogre.
You draw the ogre's blood!
You feel better.
You feel almost devoid of blood!
The ogre is heavily wounded.
You hit the ogre.
The ogre is heavily wounded.
The ogre barely misses you.
You hit the ogre.
The ogre is heavily wounded.
You barely miss the ogre.
The ogre is heavily wounded.
The ogre hits you with a giant spiked club!
You die...

#.......##..#.#..##...
#.....###..#._.#..###...
#.......##..#.#..## .#.
#........##..#..##
#......#..##...##
#########..##.##....#
##..### ....# ##..#
....# ##@# ....#
#.O......# ##.......#
....... ....... ...>...
#######


You could see an ogre.

Vanquished Creatures
  An orc wizard (D:2)
  2 adders (D:2)
  2 leopard geckos (D:1)
  2 orcs (D:2)
  A ball python (D:1)
  A bat (D:1)
  3 giant cockroaches
  A goblin (D:1)
  A hobgoblin (D:1)
  4 kobolds
  A quokka (D:2)
  3 frilled lizards (D:1)
  2 rats
24 creatures vanquished.

Notes
Turn   | Place    | Note
-------+----------+-------------------------------------------
     0 | D:1      | McIrco the Vampire Assassin began the quest for the Orb.
     0 | D:1      | Reached XP level 1. HP: 16/16 MP: 1/1
  2578 | D:1      | Reached skill level 6 in Stealth
  2648 | D:1      | Reached XP level 2. HP: 15/22 MP: 2/2
  3172 | D:2      | Noticed Terence
  3173 | D:2      | Reached skill level 7 in Stealth
  3173 | D:2      | Reached XP level 3. HP: 12/27 MP: 3/3
  3590 | D:2      | Found a glowing golden altar of the Shining One.
  3691 | D:2      | Reached XP level 4. HP: 11/33 MP: 4/4
  4095 | D:2      | Noticed an ogre
  4106 | D:2      | Slain by an ogre

Skill      XL: |  1  2 |
---------------+-------+-----
Stealth        | 6 7 |  7.4
Fighting       | 2 |  2.0
Short Blades   | |  2.7
Throwing       | |  1.7
Dodging        | |  1.9

Action                   |  1- 3 |  4- 6 || total
-------------------------+-------+-------++-------
Melee: Dagger            |    93 |    11 ||   104
       Bite              |       |     2 ||     2
  Use: Potion            |     1 |       ||     1
 Stab: Sleeping          |    10 |       ||    10
  Eat: Corpse            |       |     1 ||     1
Armor: Robe              |    22 |       ||    22
Dodge: Dodged            |    58 |     5 ||    63
